 Dungeon Crawl Stone Soup version 0.29-a0-841-g116ddc6ace (webtiles) character file.

Game seed: 17877222579943119706

54 vineage the Trooper (level 3, 0/24 HPs)
             Began as a Gargoyle Fighter on July 14, 2022.
             Slain by Sigmund
             ... wielding a +0 scythe
              (4 damage)
             ... on level 2 of the Dungeon.
             The game lasted 00:01:13 (1162 turns).

vineage the Trooper (Gargoyle Fighter)              Turns: 1162, Time: 00:01:13

Health: 0/24       AC: 10    Str: 21    XL:     3   Next: 91%
Magic:  3/3        EV:  9    Int:  8    God:
Gold:   61         SH:  5    Dex:  9    Spells: 2/2 levels left

rFire   . . .      SeeInvis .   a - +0 flail
rCold   + . .      Faith    .   c - +1 buckler
rNeg    + . .      Spirit   .   b - +0 scale mail
rPois   ∞          Reflect  .   (no helmet)
rElec   +          Harm     .   (no cloak)
rCorr   .          Rampage  .   (no gloves)
Will    .....                   (no boots)
Stlth   ..........              g - amulet of regeneration
HPRegen 0.88/turn               f - ring of protection from cold
MPRegen 0.08/turn               (no ring)

@: mighty
A: sickness immunity, AC +3, negative energy resistance 1, electricity
resistance, torment resistance 1, petrification resistance
a: no special abilities


You were on level 2 of the Dungeon.
You visited 1 branch of the dungeon, and saw 2 of its levels.

You collected 61 gold pieces.

Inventory:

Hand Weapons
 a - a +0 flail (weapon)
Armour
 b - a +0 scale mail (worn)
 c - a +1 buckler (worn)
Jewellery
 f - a ring of protection from cold (left hand)
 g - an amulet of regeneration (around neck)
Potions
 k - a potion of curing {unknown}
 l - a potion of berserk rage {unknown}


   Skills:
 * Level 4.0 Fighting
 * Level 2.8 Maces & Flails
 + Level 3.6 Armour
 + Level 3.6 Shields


You had 2 spell levels left.
You didn't know any spells.
Your spell library was empty.

Dungeon Overview and Level Annotations

Branches:
Dungeon (2/15)

Altars:
Cheibriados

Annotations:
D:2 Sigmund


Innate Abilities, Weirdness & Mutations

You are immune to sickness and miasma.
Your stone body is resilient. (AC +3)
You are immune to poison.
You resist negative energy. (rN+)
You are resistant to electric shocks. (rElec)
You are resistant to unholy torment.
You are immune to petrification.


Message History

The gnoll is severely wounded.
The gnoll hits you with a +0 club. Sigmund hits you but does no damage.
You sock the gnoll!
You kill the gnoll!
Sigmund closely misses you.
The frilled lizard completely misses you.
You thump the frilled lizard!
You kill the frilled lizard!
You hit the hobgoblin.
The hobgoblin is almost dead.
Sigmund closely misses you. The hobgoblin misses you.
You sock the hobgoblin!
You kill the hobgoblin!
Sigmund hits you but does no damage.
You sock the gnoll!
The gnoll is severely wounded.
The gnoll hits you but does no damage.
Sigmund mumbles some strange words.
Sigmund flickers and vanishes!
Deactivating autopickup; reactivate with Ctrl-A.
The gnoll closely misses you.
You closely miss the gnoll.
The gnoll is severely wounded.
Something completely misses you. You block the gnoll's attack.
You sock the gnoll!
You kill the gnoll!
Something hits you.
Your Fighting skill increases to level 4!
Something hits you!
Things that are here:
a +0 whip; a +0 club; a gnoll corpse You closely miss something.
Something hits you but does no damage.
You closely miss something. Something hits you!
You miss something. Something hits you.
You closely miss something. Something hits you!
* * * LOW HITPOINT WARNING * * *
You barely miss something. Something hits you but does no damage.
You closely miss something. You sock something! Something hits you.
You die...

.♣ .. #.♣ #..
###.. ...
#######.#
#...)@#.#♣♣
..
#.###{....♣♣♣
...
#.#######.♣P♣
.... #....#
#..P♣
....#######.#
##P.♣
............#
#...g.♣
###.....#####
#P♣♣l....g
###....<# #.P
♣P♣l$_
........####
♣.♣ @....


There were no monsters in sight!

Vanquished Creatures
  2 gnolls (D:2)
  2 dart slugs (D:1)
  An endoplasm (D:1)
  3 giant cockroaches (D:1)
  A goblin (D:1)
  4 hobgoblins
  3 jackals (D:1)
  A quokka (D:2)
  3 ball pythons (D:1)
  A bat (D:1)
  3 frilled lizards
  6 kobolds (D:1)
30 creatures vanquished.

Vanquished Creatures (others)
  8 plants (D:2)
8 creatures vanquished.

Grand Total: 38 creatures vanquished

Notes
Turn   | Place    | Note
-------+----------+-------------------------------------------
     0 | D:1      | vineage the Gargoyle Fighter began the quest for the Orb.
     0 | D:1      | Reached XP level 1. HP: 14/14 MP: 1/1
   264 | D:1      | Reached XP level 2. HP: 12/19 MP: 2/2
   907 | D:1      | Reached XP level 3. HP: 24/24 MP: 3/3
  1126 | D:2      | Found a snail-covered altar of Cheibriados.
  1126 | D:2      | Noticed Sigmund
  1154 | D:2      | Reached skill level 4 in Fighting
  1159 | D:2      | HP: 1/24 [something (9)]
  1162 | D:2      | Slain by Sigmund

Illustrated notes

Levels and vault maps discovered:
D:1:      dpeg_arrival_tiny_j, layout_loops_ring
D:2:      wad_woods_stonehenge, layout_basic, serial_shops, shop,
          dreamdust_ecumenical_altar_drowned_temple, minmay_misc_feat_chi,
          minmay_pentomino_x4, uniq_jessica, uniq_sigmund

Skill      XL: |  1  2  3 |
---------------+----------+-----
Fighting       | 4 |  4.0
Maces & Flails | |  2.8
Armour         | |  3.6
Shields        | |  3.6

Action                   || total
-------------------------++-------
Melee: Flail             ||   107
  Use: Scroll            ||     4
       Potion            ||     1
Armor: Scale mail        ||    54
Dodge: Dodged            ||    59
Block: Buckler           ||    28

Table legend: (Time is in decaauts)
 A = Elapsed time spent in this place.
 B = Non-inter-level travel time spent in this place.
 C = Inter-level travel time spent in this place.
 D = Time resting spent in this place.
 E = Time spent auto-exploring this place.
 F = Levels seen in this place.
 G = Mean time per level.
                   A        B        C        D        E       F      G
               +--------+--------+--------+--------+--------+-----+--------+
         Total |   1195 |   1145 |     50 |      0 |    899 |   2 |  597.5 |
       Dungeon |   1195 |   1145 |     50 |      0 |    899 |   2 |  597.5 |
               +--------+--------+--------+--------+--------+-----+--------+

Top non-repeatable levels by time:
     D:1: 1121 daAuts
     D:2: 74 daAuts
